 Dungeon Crawl Stone Soup version 0.25-a0-713-g4845790874 (webtiles) character file.

Game seed: 6348121518246459532, levelgen mode: deterministic

3293 ReteAZ the Spear-Bearer (level 10, 0/86 HPs)
             Began as a Merfolk Gladiator on Apr 5, 2020.
             Was a Follower of Ashenzari.
             Slain by Harold
             ... wielding a +2 short sword of speed
              (9 damage)
             ... on level 8 of the Dungeon.
             The game lasted 00:13:50 (9435 turns).

ReteAZ the Spear-Bearer (Merfolk Gladiator)         Turns: 9435, Time: 00:13:51

Health: 0/86       AC: 11    Str: 19    XL:     10   Next: 1%
Magic:  19/19      EV:  4    Int:  8    God:    Ashenzari [*.....]
Gold:   337        SH: 11    Dex: 17    Spells: 9/9 levels left

rFire    . . .     SeeInvis .   a - +0 trident
rCold    . . .     Gourm    .   o - +0 tower shield
rNeg     . . .     Faith    .   D - +1 chain mail of Feclon {Str+3} (curse)
rPois    +         Spirit   .   (helmet restricted)
rElec    .         Reflect  .   g - +0 cloak (curse)
rCorr    .         Harm     .   v - +0 pair of gloves (curse)
MR       .....     Rnd*Rage +   (no boots)
Stlth    ..........             (no amulet)
HPRegen  0.24/turn              n - ring of magical power
MPRegen  0.16/turn              y - ring of poison resistance

@: mighty, marked, flying, hasted, very quick
A: change form in water, swift swim, stealthy swim, antennae 1, berserk 1
a: Curse Item, Scrying, Renounce Religion


You were on level 8 of the Dungeon.
You worshipped Ashenzari.
Ashenzari was aware of your devotion.
You were not hungry.

You visited 1 branch of the dungeon, and saw 8 of its levels.
You also visited: Sewer.

You collected 337 gold pieces.

Inventory:

Hand Weapons
 a - a +0 trident (weapon)
Armour
 c - a +0 helmet
 g - a cursed +0 cloak (worn)
 o - a +0 tower shield (worn)
 v - a cursed +0 pair of gloves (worn)
 D - the cursed +1 chain mail of Feclon (worn) {Str+3}
   (You found it on level 5 of the Dungeon)

   It affects your strength (+3).
   It has a curse placed upon it.
 H - +0 swamp dragon scales
Jewellery
 b - a +2 ring of slaying
 n - a ring of magical power (left hand)
 q - an uncursed ring of magical power
 w - an uncursed ring of ice
 x - an uncursed ring of wizardry
 y - a ring of poison resistance (right hand)
Wands
 t - a wand of polymorph (8)
 z - a wand of paralysis (8)
 I - a wand of iceblast (5)
Scrolls
 k - 2 scrolls of amnesia {unknown}
 p - 12 scrolls of identify {unknown}
 u - a scroll of immolation {unknown}
 B - 7 scrolls of teleportation {unknown}
 C - 2 scrolls of magic mapping {unknown}
 F - 2 scrolls of fear {unknown}
Potions
 e - 4 potions of flight
 h - a potion of might
 j - 3 potions of haste
 m - 2 potions of mutation
 r - a potion of magic {unknown}
 s - a potion of stabbing {unknown}
 A - a potion of invisibility {unknown}
 E - a potion of curing {unknown}
 G - a potion of heal wounds {unknown}
Comestibles
 f - 10 rations


   Skills:
 + Level 10.6 Fighting
 - Level 14.0 Polearms
 - Level 2.0 Throwing
 - Level 4.0 Dodging


You had 9 spell levels left.
You didn't know any spells.
Your spell library was empty.

Dungeon Overview and Level Annotations

Branches:
Dungeon (8/15)             Temple (0/1) D:6           Sewer (visited)
   Lair: D:8-11

Altars:
Ashenzari
Dithmenos
Gozag
Ru
Sif Muna
Uskayaw
Zin
The Shining One

Shops:
D:5 =   D:6 (:

Annotations:
D:4 3 runed translucent doors, iamserjio's ghost, novice OpCK
D:8 Harold; Joseph


Innate Abilities, Weirdness & Mutations

You revert to your normal form in water.
You are very nimble and swift while swimming.
You are very stealthy in the water. (Stealth+)
You have a pair of small antennae on your head.
You tend to lose your temper in combat.


Message History

It was a potion of haste.
You feel yourself speed up. Harold hits you but does no damage. x2
It was a potion of mutation.
You feel extremely strange.
You feel frail.
You feel robust.
You feel a little pissed off. A pair of antennae grows on your head!
Your +0 helmet falls away!
You barely miss Harold.
Harold is heavily wounded.
Harold hits you with a +2 short sword of speed!
* * * LOW HITPOINT WARNING * * *
You puncture Harold!
Harold is severely wounded.
Harold points at you and mumbles some strange words.
The mark upon you grows brighter.
You barely miss Harold.
Harold is severely wounded.
You puncture Harold!
Harold is severely wounded.
Harold hits you with a +2 short sword of speed!
You die...

#...#.....## #........##
##.........# ###
######...#####..## ..#
........# ##..###..#
......## #...#.##. #....#
###.....# ##.†..## #...#.#
##..@@..## ##.....#
.@.###...##...## #......#
...(...(####...####...#....
###....## ##....#...###.o.
###.. ##......# ##.. ##.##
##....## ##. #..# ##.....#
#. #..#####...#..# ##
##..##...####..# #


You could see Harold.

Vanquished Creatures
  Pikel (D:6)
  Maggie (D:8)
  A hippogriff (D:8)
  A water moccasin (D:7)
  Purgy (Sewer)
  An orc warrior (D:7)
  Duvessa (D:7)
  An ice beast (D:8)
  2 ogres
  A centaur (D:7)
  5 bullfrogs
  Dowan (D:7)
  A scorpion (D:5)
  An electric eel (D:6)
  A howler monkey (D:3)
  6 crimson imps
  2 hounds
  2 orc priests
  2 iguanas (D:4)
  2 centaur skeletons
  8 orc wizards
  4 worker ants
  A killer bee zombie (D:8)
  3 hound skeletons
  5 gnolls
  14 adders
  2 river rats (D:5)
  An ooze (D:5)
  An adder zombie (D:5)
  3 adder skeletons
  9 worms
  5 leopard geckos
  22 orcs
  6 bats
  7 giant cockroaches
  8 goblins
  7 hobgoblins
  11 jackals
  8 kobolds
  2 quokkas
  3 ball pythons
  14 frilled lizards
  A leopard gecko skeleton (D:4)
  10 rats
189 creatures vanquished.

Vanquished Creatures (others)
  Menkaure (D:7)
  A bullfrog (D:7)
  A crimson imp (D:7)
  An orc priest (D:7)
  An orc wizard (D:7)
  A gnoll (D:7)
  An adder (D:6)
  An adder skeleton (D:7)
  An orc (D:7)
9 creatures vanquished.

Grand Total: 198 creatures vanquished

Notes
Turn   | Place    | Note
-------+----------+-------------------------------------------
     0 | D:1      | ReteAZ the Merfolk Gladiator began the quest for the Orb.
     0 | D:1      | Reached XP level 1. HP: 16/16 MP: 1/1
   203 | D:1      | Reached skill level 5 in Polearms
   203 | D:1      | Reached XP level 2. HP: 17/23 MP: 2/2
   398 | D:1      | Reached XP level 3. HP: 28/28 MP: 3/3
   545 | D:2      | Found a shimmering blue altar of Sif Muna.
   823 | D:2      | Reached skill level 6 in Polearms
  1170 | D:2      | Reached XP level 4. HP: 28/35 MP: 4/4
  1270 | D:2      | Found a glowing golden altar of the Shining One.
  1321 | D:2      | Found a glowing silver altar of Zin.
  2220 | D:3      | Noticed a -3 hand axe
  2221 | D:3      | Found a hide-covered altar of Uskayaw.
  2222 | D:3      | Noticed a +0 hand axe
  2282 | D:3      | Reached skill level 7 in Polearms
  2412 | D:3      | Reached XP level 5. HP: 35/42 MP: 5/5
  2991 | D:4      | Reached skill level 8 in Polearms
  2991 | D:4      | Reached XP level 6. HP: 44/48 MP: 6/6
  3314 | D:4      | Reached skill level 9 in Polearms
  3532 | D:4      | Reached XP level 7. HP: 22/55 MP: 7/7
  3545 | D:4      | Reached skill level 5 in Fighting
  4292 | D:4      | Found a runed translucent gate.
  4292 | D:4      | Found a runed translucent gate.
  4296 | D:4      | Found a runed translucent gate.
  4310 | D:4      | Found a shadowy altar of Dithmenos.
  4345 | D:4      | Noticed iamserjio's ghost (novice OpCK)
  4345 | D:4      | Identified the +7 dagger of Cebump {chaos, rF++ Dex+4}
  4674 | D:5      | Entered Level 5 of the Dungeon
  4693 | D:5      | Reached skill level 10 in Polearms
  4771 | D:5      | Found a shattered altar of Ashenzari.
  4779 | D:5      | Became a worshipper of Ashenzari the Shackled
  4889 | D:5      | Found Unorafutz's Jewellery Shoppe.
  4922 | D:5      | Got the uncursed chain mail of Feclon {Str+3}
  5007 | D:5      | Reached skill level 11 in Polearms
  5007 | D:5      | Reached XP level 8. HP: 54/64 MP: 8/8
  5036 | D:5      | Found a glowing drain.
  5098 | Sewer    | Entered a sewer
  5262 | Sewer    | Noticed Purgy
  5281 | Sewer    | Killed Purgy
  5991 | D:6      | Found Luheese's Antique Weapon Boutique.
  6009 | D:6      | Reached skill level 12 in Polearms
  6072 | D:6      | Found Apugher's Book Boutique.
  6403 | D:6      | Found a staircase to the Ecumenical Temple.
  6569 | D:6      | Identified the +1 chain mail of Feclon {Str+3} (You found
                  | it on level 5 of the Dungeon)
  6596 | D:6      | Found an opulent altar of Gozag.
  7031 | D:7      | Reached * piety under Ashenzari
  7034 | D:7      | Noticed Pikel
  7083 | D:6      | Killed Pikel
  7083 | D:6      | Reached skill level 13 in Polearms
  7083 | D:6      | Reached XP level 9. HP: 70/73 MP: 9/9
  7161 | D:7      | Found a sacrificial altar of Ru.
  7317 | D:7      | Killed Menkaure
  7341 | D:7      | Reached skill level 14 in Polearms
  7425 | D:7      | Noticed Dowan
  7426 | D:7      | Noticed Duvessa
  7437 | D:7      | Killed Dowan
  7467 | D:7      | Killed Duvessa
  7849 | D:7      | Found a shattered altar of Ashenzari.
  8253 | D:8      | Noticed Joseph
  8729 | D:8      | Noticed Maggie
  8749 | D:8      | Killed Maggie
  8749 | D:8      | Reached skill level 10 in Fighting
  9281 | D:8      | Reached XP level 10. HP: 59/86 MP: 10/10
  9396 | D:8      | Noticed Harold
  9431 | D:8      | Gained mutation: You are frail. (-10% HP) [potion of
                  | mutation]
  9431 | D:8      | Lost mutation: You are frail. (-10% HP) [potion of
                  | mutation]
  9431 | D:8      | Gained mutation: You tend to lose your temper in combat.
                  | [potion of mutation]
  9431 | D:8      | Gained mutation: You have a pair of small antennae on your
                  | head. [potion of mutation]
  9435 | D:8      | Slain by Harold

Levels and vault maps discovered:
D:1:      mrwooster_arrival_statue_2, layout_rooms
D:2:      layout_basic, lemuel_crystal_altar, zin_statuary,
          nicolae_tso_swordbearing_angel
D:3:      layout_basic, dancing_weapons_uskayaw, first_ration
D:4:      layout_loops_corners, old_standard_altar,
          gammafunk_ghost_nasty_kobolds
D:5:      layout_cave_pools, lemuel_crystal_altar, gup_sewer_entry_bubbles,
          minmay_shop_enchanted_jewellery, chequers_serial_rivers_micro_a
D:6:      layout_cave_pods, grunt_gozag_breadcrumbs, lemuel_temple_firewalk_a,
          serial_shops, nicolae_shop_waterfront, nicolae_shop_waterfront
D:7:      layout_loops_corners, hangedman_ru_absence, basic_altar,
          glass_columns_a, uniq_duvessa, uniq_pikel, uniq_menkaure
D:8:      layout_layer_cave, marbit_many_paths, uniq_harold, uniq_joseph,
          uniq_maggie

Skill      XL: |  1  2  3  4  5  6  7  8  9 |
---------------+----------------------------+-----
Polearms       | 5 6 7 8 9 11 13 14 | 14.0
Fighting       | 3 4 5 7 10 | 10.6
Throwing       | |  2.0
Dodging        | |  4.0

Action                   |  1- 3 |  4- 6 |  7- 9 | 10-12 || total
-------------------------+-------+-------+-------+-------++-------
Melee: Trident           |   120 |   215 |   621 |    12 ||   968
       Tailslap          |       |       |     5 |       ||     5
Throw: Throwing net      |       |     1 |     1 |     1 ||     3
       Dart              |       |       |     4 |     4 ||     8
Invok: Curse Item        |       |       |     3 |       ||     3
Evoke: Wand              |       |     2 |    11 |     4 ||    17
  Use: Potion            |       |       |       |     4 ||     4
 Stab: Sleeping          |     2 |     2 |     2 |       ||     6
       Held in net/web   |       |     1 |     2 |     1 ||     4
       Invisible         |       |       |     1 |       ||     1
       Paralysed         |       |       |       |     1 ||     1
  Eat: Chunk             |     1 |     8 |    18 |     1 ||    28
Armor: Leather armour    |    20 |    31 |     4 |       ||    55
       Ring mail         |       |       |    61 |       ||    61
       Chain mail        |       |       |    99 |    12 ||   111
Dodge: Dodged            |    67 |    35 |    84 |     2 ||   188
Block: Tower shield      |       |    71 |   275 |    11 ||   357

Table legend:
 A = Non-vault XP
 B = Vault XP
 C = Vault XP percentage of total XP
 D = Non-vault monster count
 E = Vault monster count
 F = Vault count percentage of total count
                 A         B        C        D         E       F
            +---------+---------+-------+---------+---------+-------
      Total |    3264 |    1441 |  30.6 |     170 |      19 |  10.1
            +---------+---------+-------+---------+---------+-------
        D:1 |      35 |       0 |   0.0 |      19 |       0 |   0.0
        D:2 |      49 |       0 |   0.0 |      19 |       0 |   0.0
        D:3 |     208 |       0 |   0.0 |      35 |       0 |   0.0
        D:4 |     524 |       0 |   0.0 |      26 |       0 |   0.0
        D:5 |     562 |      48 |   7.9 |      23 |       6 |  20.7
        D:6 |     452 |     641 |  58.6 |      15 |       1 |   6.2
        D:7 |     849 |     208 |  19.7 |      17 |       2 |  10.5
        D:8 |     585 |     398 |  40.5 |      16 |       1 |   5.9
      Sewer |       0 |     146 | 100.0 |       0 |       9 | 100.0
            +---------+---------+-------+---------+---------+-------
